 Dungeon Crawl Stone Soup version 0.23-a0-303-gfcac5de (webtiles) character file.

30 epen the Ducker (level 3, 0/35 HPs)
             Began as a Gnoll Monk on Oct 8, 2018.
             Succumbed to an adder's poison
             ... on level 2 of the Dungeon.
             The game lasted 00:01:12 (837 turns).

epen the Ducker (Gnoll Monk)                         Turns: 837, Time: 00:01:12

Health: 0/35       AC:  2    Str: 14    XL:     3   Next: 20%
Magic:  3/3        EV: 16    Int: 12    God:
Gold:   31         SH:  0    Dex: 17    Spells: 3/3 levels left

rFire    + . .     SeeInvis .   d - +1 dagger (vamp)
rCold    + . .     Gourm    .   (no shield)
rNeg     . . .     Faith    .   b - +0 robe
rPois    +         Spirit   .   (no helmet)
rElec    +         Reflect  .   (no cloak)
rCorr    +         Harm     .   (no gloves)
MR       .....                  (no boots)
Stlth    +++.......             (no amulet)
HPRegen  0.11/turn              (no ring)
MPRegen  0.08/turn              (no ring)

@: lethally poisoned (0 -> -12), resistant, flying
A: distributed training, fangs 1, strong nose
a: no special abilities


You were on level 2 of the Dungeon.
You were not hungry.

You visited 1 branch of the dungeon, and saw 2 of its levels.

You collected 31 gold pieces.

Inventory:

Hand Weapons
 a - a +0 falchion
 d - a +1 vampiric dagger (weapon)
Armour
 b - a +0 robe (worn)
Potions
 c - a potion of resistance
Comestibles
 h - a ration


   Skills:
 + Level 6.5 Fighting
 + Level 0.6 Short Blades
 + Level 6.5 Long Blades
 + Level 0.6 Axes
 + Level 0.6 Maces & Flails
 + Level 0.6 Polearms
 + Level 0.6 Staves
 + Level 0.6 Slings
 + Level 0.6 Bows
 + Level 0.6 Crossbows
 + Level 0.6 Throwing
 + Level 0.6 Armour
 + Level 6.5 Dodging
 + Level 4.1 Stealth
 + Level 0.6 Shields
 + Level 0.6 Unarmed Combat
 + Level 0.6 Spellcasting
 + Level 0.4 Conjurations
 + Level 0.4 Hexes
 + Level 0.4 Charms
 + Level 0.4 Summonings
 + Level 0.4 Necromancy
 + Level 0.4 Translocations
 + Level 0.4 Transmutations
 + Level 0.4 Fire Magic
 + Level 0.4 Ice Magic
 + Level 0.4 Air Magic
 + Level 0.4 Earth Magic
 + Level 0.4 Poison Magic
 + Level 0.8 Invocations
 + Level 0.6 Evocations


You had 3 spell levels left.
You didn't know any spells.
Your spell library was empty.

Dungeon Overview and Level Annotations

Branches:
Dungeon (2/15)

Altars:


Innate Abilities, Weirdness & Mutations

Your experience applies equally to all skills.
You have very sharp teeth.
Your uncanny sense of smell can sniff out nearby items.


Message History

You feel sick. The adder bites you.
* * * LOW HITPOINT WARNING * * *
The adder bites you.
* * * LOW HITPOINT WARNING * * *
It was a potion of flight.
You feel very buoyant.
You fly up into the air.
* * * LOW HITPOINT WARNING * * *
You feel sick. The adder closely misses you. x2
The adder bites you but does no damage.
As you read the scroll labeled UHOYLA KARUO, it crumbles to dust.
It is a scroll of identify.
You don't have any unidentified items.
* * * LOW HITPOINT WARNING * * *
You feel sick. The adder misses you. The adder closely misses you. x2
* * * LOW HITPOINT WARNING * * *
You feel sick.
You hit the adder but do no damage.
The adder is lightly wounded.
You die...

#.........#......##
###.........#.......#
...........#†......#
#.##......#.......#
#....#......##....#
#....#......##(...###.
#..<>......>..........
#..............#......
#.............@#......
#.............S#......
###...........#r....#
..................#
###.......###......#
.......... +......#
........## #........
........# #...###.#
+###... ....# ..


You could see an adder and a rat.

Vanquished Creatures
  2 dart slugs (D:1)
  A leopard gecko (D:2)
  A giant cockroach (D:1)
  3 goblins (D:1)
  3 hobgoblins (D:1)
  6 jackals (D:1)
  2 kobolds (D:1)
  2 bats (D:1)
  A frilled lizard (D:2)
  A rat (D:1)
22 creatures vanquished.

Vanquished Creatures (others)
  A hobgoblin (D:1)
1 creature vanquished.

Grand Total: 23 creatures vanquished

Notes
Turn   | Place    | Note
-------+----------+-------------------------------------------
     0 | D:1      | epen the Gnoll Monk began the quest for the Orb.
     0 | D:1      | Reached XP level 1. HP: 23/23 MP: 1/1
    52 | D:1      | Reached XP level 2. HP: 27/29 MP: 2/2
   414 | D:1      | Reached XP level 3. HP: 35/35 MP: 3/3
   836 | D:2      | HP: 1/35 [poisoned by an adder]
   837 | D:2      | Succumbed to an adder's poison

Vault maps used:
D:1:      dpeg_arrival_arbitrary_b
D:2:      uniq_crazy_yiuf_cottage

Action                   || total
-------------------------++-------
Melee: Falchion          ||     8
       Dagger            ||    84
       Bite              ||    20
       Punch             ||     1
  Use: Potion            ||     2
       Scroll            ||     1
 Stab: Sleeping          ||     3
  Eat: Ration            ||     1
       Chunk             ||     1
Armor: Robe              ||    16
Dodge: Dodged            ||   116
       Rpst.: Falchion   ||     3

Table legend:
 A = Non-vault XP
 B = Vault XP
 C = Vault XP percentage of total XP
 D = Non-vault monster count
 E = Vault monster count
 F = Vault count percentage of total count
                 A         B        C        D         E       F
            +---------+---------+-------+---------+---------+-------
      Total |      44 |       0 |   0.0 |      22 |       0 |   0.0
            +---------+---------+-------+---------+---------+-------
        D:1 |      40 |       0 |   0.0 |      20 |       0 |   0.0
        D:2 |       4 |       0 |   0.0 |       2 |       0 |   0.0
            +---------+---------+-------+---------+---------+-------
